 Dungeon Crawl Stone Soup version 0.29.0-11-gd7f09526c8 (webtiles) character file.

Game seed: 2162026873016114438

404 Rennog the Shield-Bearer (level 6, -1/53 HPs)
             Began as a Gnoll Fighter on Sept 2, 2022.
             Was an Initiate of Ashenzari.
             Slain by an orc wizard
             ... wielding a +0 dagger
              (3 damage)
             ... on level 5 of the Dungeon.
             The game lasted 00:05:17 (4490 turns).

Rennog the Shield-Bearer (Gnoll Fighter)            Turns: 4490, Time: 00:05:17

Health: -1/53      AC:  3    Str: 15    XL:     6   Next: 86%
Magic:  9/9        EV:  9    Int: 10    God:    Ashenzari [......]
Gold:   194        SH:  5    Dex: 11    Spells: 9/9 levels left

rFire   . . .      SeeInvis .   a - +0 war axe
rCold   . . .      Faith    .   c - +0 buckler
rNeg    . . .      Spirit   .   b - +0 scale mail
rPois   .          Reflect  .   (no helmet)
rElec   .          Harm     .   (no cloak)
rCorr   .          Rampage  .   (no gloves)
Will    .....                   (no boots)
Stlth   ..........              (no amulet)
HPRegen 0.17/turn               (no ring)
MPRegen 0.11/turn               (no ring)

@: corroded
A: fangs 1, strong nose, distributed training
a: Renounce Religion


You were on level 5 of the Dungeon.
You worshipped Ashenzari.
Ashenzari was noncommittal.
You visited 2 branches of the dungeon, and saw 6 of its levels.

You collected 194 gold pieces.

Inventory:

Hand Weapons
 a - a +0 war axe (weapon)
Missiles
 p - a throwing net (quivered)
Armour
 b - a +0 scale mail (worn)
 c - a +0 buckler (worn)
 s - a +0 chain mail
Wands
 m - a wand of quicksilver (6)
Scrolls
 g - a scroll of vulnerability
 i - 6 scrolls of teleportation
 j - 2 scrolls of magic mapping
 k - 2 scrolls of amnesia
 o - a scroll of butterflies
 q - a scroll of noise {unknown}
Potions
 d - 2 potions of might
 f - 4 potions of curing
 h - a potion of flight {unknown}
 l - 2 potions of heal wounds
 n - 3 potions of mutation
 r - a potion of degeneration {unknown}
 t - a potion of haste {unknown}


   Skills:
 + Level 6.9 Fighting
 + Level 2.2 Short Blades
 + Level 2.2 Long Blades
 + Level 5.1 Axes
 + Level 2.2 Maces & Flails
 + Level 2.2 Polearms
 + Level 2.2 Staves
 + Level 2.2 Ranged Weapons
 + Level 2.2 Throwing
 + Level 6.9 Armour
 + Level 2.2 Dodging
 + Level 2.2 Stealth
 + Level 6.9 Shields
 + Level 2.2 Unarmed Combat
 + Level 2.2 Spellcasting
 + Level 1.8 Conjurations
 + Level 1.8 Hexes
 + Level 1.8 Summonings
 + Level 1.8 Necromancy
 + Level 1.8 Translocations
 + Level 1.8 Transmutations
 + Level 1.8 Fire Magic
 + Level 1.8 Ice Magic
 + Level 1.8 Air Magic
 + Level 1.8 Earth Magic
 + Level 1.8 Poison Magic
 + Level 2.4 Invocations
 + Level 2.2 Evocations


You had 9 spell levels left.
You didn't know any spells.
Your spell library contained the following spells:

 Spells                   Type           Power      Damage    Failure   Level
 Apportation              Tloc           8%         N/A       52%         1
 Sandblast                Erth           8%         2d5       52%         1
 Passwall                 Tmut/Erth      3%         N/A       67%         2
 Stone Arrow              Conj/Erth      8%         3d7       88%         3
 Tukima's Dance           Hex            4%         N/A       88%         3
 Animate Dead             Necr           4%         N/A       99%         4
 Passage of Golubria      Tloc           4%         N/A       99%         4
 Alistair's Intoxication  Tmut/Pois      2%         N/A       100%        5
 Borgnjor's Vile Clutch   Necr/Erth      2%         N/A       100%        5
 Yara's Violent Unravell  Hex/Tmut       2%         3d3       100%        5
 Death Channel            Necr           2%         N/A       100%        6


Dungeon Overview and Level Annotations

Branches:
Dungeon (5/15)             Temple (1/1) D:4

Altars:
Ashenzari
Dithmenos
Elyvilon
Gozag
Hepliaklqana
Kikubaaqudgha
Makhleb
Nemelex Xobeh
Okawaru
Ru
Sif Muna
Xom
Zin


Innate Abilities, Weirdness & Mutations

You have very sharp teeth.
Your uncanny sense of smell can sniff out nearby items.
Your experience applies equally to all skills.


Message History

A jelly comes into view.
An orc wizard comes into view. It is wielding a staff of poison.
Found a scroll of butterflies and 3 stones.
The orc wizard shouts!
The jelly quivers.
You block the orc's attack.
The orc priest begins to cast a cantrip, but forgets the words!
You slash the orc!
You kill the orc!
The orc wizard casts a spell.
The orc wizard flickers and vanishes!
You hit the orc priest.
The orc priest is moderately wounded.
You hit the orc priest. Your bite misses the orc priest.
The orc priest is severely wounded.
You hit the jelly but do no damage.
Your hands burn!
The jelly hits you but does no damage.
A magic dart appears from out of thin air!
The magic dart hits you but does no damage.
The orc priest hits you but does no damage.
The jelly hits you.
You are splashed with acid!
You closely miss the orc priest.
The orc priest is severely wounded.
You hit the jelly. The acid corrodes you!
Your hands burn!
You miss something.
The orc priest hits you with a +0 dagger.
The jelly barely misses you.
You hear some strange, mumbled words.
A puff of flame appears from out of thin air!
The puff of flame hits you!
* * * LOW HITPOINT WARNING * * *
You barely miss the orc priest.
You bite the orc priest, but do no damage.
The orc priest is severely wounded.
You hit the jelly.
Your hands burn!
* * * LOW HITPOINT WARNING * * *
You miss something.
The orc priest hits you with a +0 dagger.
* * * LOW HITPOINT WARNING * * *
The jelly hits you but does no damage. Something hits you.
You die...

...##.... #.#(........#.#
.......#................?
..##......#..............
...#.#...................
......... #..............
......#.####.............
....>.#.#.#..............
...............##J.......
#.........#..#..@{.......
##........#..††.o#..##...
#..#.#......#....##.# .
...###......##..## ##
.#..............##### ∆
##.##)..............#
#....#..............#
.....................#
#............####....#


You could see a jelly and an orc priest.

Vanquished Creatures
  2 scorpions
  A howler monkey (D:5)
  A hound (D:4)
  A jelly (D:5)
  Jessica (D:2)
  6 gnolls
  An adder (D:5)
  2 worms
  2 dart slugs
  3 orcs
  7 ball pythons
  9 endoplasms
  A giant cockroach (D:4)
  9 goblins
  7 hobgoblins
  3 jackals (D:1)
  10 kobolds
  6 quokkas
  4 bats
  3 frilled lizards
  3 rats
82 creatures vanquished.

Vanquished Creatures (others)
  3 plants (D:4)
3 creatures vanquished.

Grand Total: 85 creatures vanquished

Notes
Turn   | Place    | Note
-------+----------+-------------------------------------------
     0 | D:1      | Rennog the Gnoll Fighter began the quest for the Orb.
     0 | D:1      | Reached XP level 1. HP: 23/23 MP: 1/1
   111 | D:1      | Reached XP level 2. HP: 17/29 MP: 2/2
   608 | D:1      | Reached XP level 3. HP: 35/35 MP: 3/3
  1100 | D:2      | Reached skill level 1 in Invocations
  1669 | D:2      | Reached skill level 1 in Short Blades
  1669 | D:2      | Reached skill level 1 in Long Blades
  1669 | D:2      | Reached skill level 1 in Maces & Flails
  1669 | D:2      | Reached skill level 1 in Polearms
  1669 | D:2      | Reached skill level 1 in Staves
  1669 | D:2      | Reached skill level 1 in Ranged Weapons
  1669 | D:2      | Reached skill level 1 in Throwing
  1669 | D:2      | Reached skill level 1 in Dodging
  1669 | D:2      | Reached skill level 1 in Stealth
  1669 | D:2      | Reached skill level 1 in Unarmed Combat
  1669 | D:2      | Reached skill level 1 in Spellcasting
  1669 | D:2      | Reached skill level 1 in Evocations
  1711 | D:2      | Noticed Jessica
  1714 | D:2      | Killed Jessica
  1715 | D:2      | Reached XP level 4. HP: 19/41 MP: 5/5
  2225 | D:3      | Reached skill level 1 in Conjurations
  2225 | D:3      | Reached skill level 1 in Hexes
  2225 | D:3      | Reached skill level 1 in Summonings
  2225 | D:3      | Reached skill level 1 in Necromancy
  2225 | D:3      | Reached skill level 1 in Translocations
  2225 | D:3      | Reached skill level 1 in Transmutations
  2225 | D:3      | Reached skill level 1 in Fire Magic
  2225 | D:3      | Reached skill level 1 in Ice Magic
  2225 | D:3      | Reached skill level 1 in Air Magic
  2225 | D:3      | Reached skill level 1 in Earth Magic
  2225 | D:3      | Reached skill level 1 in Poison Magic
  2456 | D:3      | Reached XP level 5. HP: 18/47 MP: 5/7
  2972 | D:4      | Found a staircase to the Ecumenical Temple.
  2989 | Temple   | Entered the Ecumenical Temple
  3166 | Temple   | Became a worshipper of Ashenzari the Shackled
  3887 | D:4      | Reached XP level 6. HP: 45/53 MP: 8/8
  4136 | D:4      | Reached skill level 5 in Axes
  4347 | D:5      | Entered Level 5 of the Dungeon
  4490 | D:5      | HP: 2/53 [orc priest/+0 dagger (4)]
  4490 | D:5      | Slain by an orc wizard

Illustrated notes

Levels and vault maps discovered:
D:1:      scummos_arrival_hexagon, layout_basic, chequers_serial_rivers_micro_d
D:2:      layout_loops_corners, uniq_jessica
D:3:      layout_rooms, serial_rivers, chequers_serial_rivers_room_b,
          chequers_serial_rivers_marsh, chequers_serial_rivers_micro_a,
          chequers_serial_rivers_micro_c, chequers_serial_rivers_small_a
D:4:      layout_basic, minmay_temple_entry_gardened_gates,
          kennysheep_generic_room_6
D:5:      layout_cave_pools, fedhas_altar_4, nzn_wu_jian_contemplation,
          minivault_27
Temple:   dshaligram_water_room_temple

Skill      XL: |  1  2  3  4  5  6 |
---------------+-------------------+-----
Invocations    | 1 2 |  2.4
Short Blades   | 1 2 |  2.2
Long Blades    | 1 2 |  2.2
Maces & Flails | 1 2 |  2.2
Polearms       | 1 2 |  2.2
Staves         | 1 2 |  2.2
Ranged Weapons | 1 2 |  2.2
Throwing       | 1 2 |  2.2
Dodging        | 1 2 |  2.2
Stealth        | 1 2 |  2.2
Unarmed Combat | 1 2 |  2.2
Spellcasting   | 1 2 |  2.2
Evocations     | 1 2 |  2.2
Conjurations   | 1 |  1.8
Hexes          | 1 |  1.8
Summonings     | 1 |  1.8
Necromancy     | 1 |  1.8
Translocations | 1 |  1.8
Transmutations | 1 |  1.8
Fire Magic     | 1 |  1.8
Ice Magic      | 1 |  1.8
Air Magic      | 1 |  1.8
Earth Magic    | 1 |  1.8
Poison Magic   | 1 |  1.8
Axes           | 5 |  5.1
Fighting       | |  6.9
Armour         | |  6.9
Shields        | |  6.9

Action                   |  1- 3 |  4- 6 || total
-------------------------+-------+-------++-------
Melee: War axe           |    89 |   145 ||   234
       Bite              |     4 |    15 ||    19
  Use: Scroll            |       |     8 ||     8
       Potion            |       |     1 ||     1
Armor: Scale mail        |    54 |    47 ||   101
Dodge: Dodged            |    51 |    61 ||   112
Block: Buckler           |    37 |    37 ||    74
